 Dungeon Crawl Stone Soup version 0.28.0-43-g3370ac3207 (webtiles) character file.

Game seed: 3744333031601890355

221559 sking99 the Executioner (level 18, -7/176 HPs)
             Began as a Minotaur Berserker on Mar 16, 2022.
             Was a High Priest of Trog.
             Killed by the raging water
             ... invoked by a water nymph
              (18 damage)
             ... on level 1 of the Shoals.
             The game lasted 01:08:13 (39357 turns).

sking99 the Executioner (Minotaur Berserker)       Turns: 39357, Time: 01:08:14

Health: -7/176     AC: 30    Str: 31    XL:     18   Next: 50%
Magic:  17/17      EV: 19    Int:  4    God:    Trog [*****.]
Gold:   2393       SH:  0    Dex: 18    Spells: 17/17 levels left

rFire   + + .      SeeInvis .   N - +4 executioner's axe (flame)
rCold   . . .      Faith    .   (shield currently unavailable)
rNeg    . . .      Spirit   .   W - +2 plate armour {rPois}
rPois   +          Reflect  .   J - +2 hat {Will+}
rElec   .          Harm     .   A - +2 cloak {rF+}
rCorr   .          Rampage  .   (no gloves)
Will    ++++.                   Y - +2 pair of boots
Stlth   ..........              P - amulet "Mogu Fif" {rF+ Regen+}
HPRegen 2.19/turn               o - ring of Circularity {EV+4 Str+3}
MPRegen 0.15/turn               G - +6 ring of dexterity

@: about to teleport, strong-willed, regenerating, very slow
A: horns 2, retaliatory headbutt
}: 1/15 runes: serpentine
a: Renounce Religion, Berserk, Trog's Hand, Brothers in Arms


You were on level 1 of the Shoals.
You worshipped Trog.
Trog was extremely pleased with you.
You visited 5 branches of the dungeon, and saw 28 of its levels.
You also visited: Sewer, Ossuary and Bailey.

You collected 2826 gold pieces.
You spent 433 gold pieces at shops.

Inventory:

Hand Weapons
 N - a +4 executioner's axe of flaming (weapon)
Missiles
 f - 69 poisoned darts (quivered)
Armour
 A - a +2 cloak of fire resistance (worn)
 J - a +2 hat of willpower (worn)
 W - a +2 plate armour of poison resistance (worn)
 Y - a +2 pair of boots (worn)
Jewellery
 c - a ring of see invisible
 i - a ring of protection from fire
 o - the ring of Circularity (left hand) {EV+4 Str+3}
   (You found it on level 5 of the Dungeon)

   [ring of evasion]

   EV:        It affects your evasion (+4).
   Str:       It affects your strength (+3).
 u - a ring of flight
 z - a ring of protection from cold
 G - a +6 ring of dexterity (right hand)
 P - the amulet "Mogu Fif" (around neck) {rF+ Regen+}
   (You found it on level 11 of the Dungeon)

   [amulet of regeneration]

   rF:        It protects you from fire.
   Regen:     It increases your rate of health regeneration.
 T - a ring of resist corrosion
 U - a ring of fire
Wands
 d - a wand of flame (16)
 l - a wand of mindburst (8)
 p - a wand of charming (11)
 s - a wand of paralysis (28)
 v - a wand of iceblast (6)
 x - a wand of digging (7)
 y - a wand of polymorph (6)
 F - a wand of acid (6)
Scrolls
 a - 3 scrolls of identify
 k - 6 scrolls of magic mapping
 n - 18 scrolls of teleportation
 q - 2 scrolls of fear
 B - 4 scrolls of enchant weapon
 C - 4 scrolls of fog
 D - 2 scrolls of enchant armour
Potions
 b - 2 potions of might
 e - 6 potions of curing
 g - 7 potions of haste
 h - 3 potions of mutation
 j - 3 potions of heal wounds
 m - a potion of ambrosia
 r - 4 potions of lignification
 w - 2 potions of invisibility
 H - 2 potions of magic
 I - a potion of resistance
 M - 6 potions of flight
 R - 2 potions of cancellation
Miscellaneous
 K - a box of beasts
 O - a condenser vane (inert)
 Z - a phantom mirror


   Skills:
 + Level 19.4 Fighting
 * Level 22.4 Axes
 + Level 19.2 Armour
 - Level 11.8 Dodging
 - Level 10.0 Evocations


You had 17 spell levels left.
You didn't know any spells.
Your spell library was empty.

Dungeon Overview and Level Annotations

Branches:
Dungeon (15/15)            Temple (0/1) D:4            Lair (6/6) D:8
 Shoals (1/4) Lair:4        Snake (4/4) Lair:4        Slime (0/5) Lair:6
    Orc (2/2) D:10            Elf (0/3) Orc:2        Vaults (0/5) D:14
 Depths (0/4) D:15          Sewer (visited)         Ossuary (visited)
 Bailey (visited)

Altars:
Dithmenos
Elyvilon
Sif Muna
Vehumet
Xom
Yredelemnul
Beogh

Shops:
D:4 [   D:5 :   D:6 *   D:10 ([   Orc:2 *([([   Snake:2 [

Annotations:
D:4 Grinder
D:8 1 runed translucent door, madmanrnold's ghost, novice FoFi
Lair:2 3 runed translucent doors, NiggerDarts's ghost, journeyman HuFi; kwass's ghost, journeyman DjIE; sobakacece's ghost, journeyman DrTm; theElss's ghost, journeyman GrBe
Lair:3 2 transporters, Nefuv's ghost, journeyman MiBe
Lair:6 3 runed translucent doors, NiggerDarts's ghost, journeyman HuFi; NoScrollMutBadDesign's ghost, journeyman DDFi; Zappman123's ghost, journeyman GnCA
Snake:2 1 runed translucent door, Olga's ghost, adept DECj


Innate Abilities, Weirdness & Mutations

You have a pair of horns on your head.
You reflexively headbutt those who attack you in melee.


Message History

Trog accepts your kill.
Trog appreciates your killing of a magic user.
The merfolk aquamancer misses you.
You are too confused!
Okay, then.
The water nymph touches you. The water nymph drowns you!
* * * LOW HITPOINT WARNING * * *
The snapping turtle misses you. x2
The merfolk aquamancer hits you but does no damage.
The water nymph misses you.
The merfolk aquamancer hits you but does no damage.
You see here a water nymph corpse.
You feel less invigorated.
You feel less confused.
The merfolk aquamancer points at you and mumbles some strange words.
The torrent of water misses you.
The wave splashes down.
The water nymph points at you and mumbles some strange words.
The water swirls and strikes you.
* * * LOW HITPOINT WARNING * * *
A water nymph comes into view.
The snapping turtle misses you.
The merfolk aquamancer hits you with a +0 rapier.
* * * LOW HITPOINT WARNING * * *
The merfolk aquamancer casts a spell at you.
The torrent of water misses you.
The wave splashes down.
The snapping turtle bites you but does no damage.
The water nymph shouts!
As you read the scroll of teleportation, it crumbles to dust.
You feel strangely unstable.
The merfolk aquamancer hits you with a +0 rapier!
* * * LOW HITPOINT WARNING * * *
The merfolk aquamancer gestures wildly while chanting.
The merfolk aquamancer blinks!
The snapping turtle bites you.
* * * LOW HITPOINT WARNING * * *
The water nymph is engulfed in poison gas.
The water nymph is poisoned.
The merfolk aquamancer completely misses you.
The water nymph points at you and mumbles some strange words.
The water swirls and strikes you!!
You die...

≈≈≈≈... .. #... #.≈≈≈
≈≈≈≈≈...##.###.... #.≈≈≈
≈≈≈≈≈≈≈..... ..... #....
.≈≈≈..≈.... ..... #....
.##....≈≈≈.. ##(.# ##.≈≈.
...P...≈≈≈.### #...######..≈≈.
.....##≈≈≈§≈≈# #.....#.....≈.#
........≈))§m###.............#
........≈.≈tm@##.....≈...####.
#......≈≈≈§§≈≈#..........# #.
.#≈...≈≈§§≈[............####.
..m≈..≈≈≈§§≈≈.....)().........
≈.≈≈#.≈≈≈≈≈≈m≈......≈≈≈..(...#
≈≈≈≈.≈≈≈≈..≈.≈..........≈≈≈...
≈≈≈≈≈#≈≈≈.≈.........##.≈≈≈≈≈.≈
≈≈≈≈≈≈≈≈≈.≈≈##...≈≈....≈≈≈≈≈≈≈
≈≈≈≈≈#≈≈≈..###..≈≈≈≈≈≈≈≈≈≈≈≈≈≈


You could see a merfolk aquamancer, a snapping turtle (very poisoned) and 2
water nymphs.

Vanquished Creatures
  Jorgrun (Orc:1)
  Agnes (D:15)
  Kirke (D:14)
  4 nagarajas
  A stone giant (D:15)
  Nessos (D:12)
  An ettin (Orc:1)
  Fannar (Lair:3)
  5 vault guards
  A hydra (Lair:6)
  An ogre mage (D:15)
  9 naga warriors
  2 boulder beetles
  Erica (Orc:1)
  7 centaur warriors
  A catoblepas (Lair:6)
  2 salamander tyrants
  2 death knights
  2 merfolk aquamancers (Shoals:1)
  10 anacondas
  6 two-headed ogres
  16 death yaks
  An orc high priest (Orc:2)
  Sonja (Lair:3)
  4 shock serpents
  19 naga sharpshooters
  6 skeletal warriors
  3 salamander mystics
  A deep troll (D:14)
  6 naga ritualists
  A sea snake (Shoals:1)
  3 swamp dragons (Lair:6)
  An obsidian statue (D:14)
  A deep elf pyromancer (D:14)
  6 mana vipers
  Pikel (D:5)
  3 harpies (Shoals:1)
  6 orc knights
  10 ugly things
  30 salamanders
  A phantasmal warrior (D:14)
  A faun (Shoals:1)
  5 orc sorcerers
  3 cyclopes
  3 manticores (Shoals:1)
  16 elephants
  2 guardian serpents (Snake:4)
  3 merfolk sirens (Shoals:1)
  35 black mambas
  Maurice (D:12)
  A water nymph (Shoals:1)
  A torpor snail (Lair:4)
  4 gargoyles
  12 naga magi
  11 cane toads
  4 kobold demonologists
  2 rime drakes
  2 unseen horrors
  8 komodo dragons
  2 efreet
  2 yaktaurs (D:14)
  2 freezing wraiths
  A tengu conjurer (D:14)
  3 meliai (D:13)
  4 merfolk (Shoals:1)
  2 polar bears (Lair:6)
  4 trolls
  4 slime creatures (D:12)
  Prince Ribbit (Bailey)
  12 blink frogs
  2 snapping turtles
  10 dream sheep (Lair:6)
  2 shadows
  6 water elementals
  A vampire (D:11)
  9 wyverns
  3 wraiths
  4 humans (Bailey)
  A steam dragon (D:6)
  72 yaks
  5 basilisks
  Eustachio (D:6)
  13 vampire mosquitoes
  Menkaure (D:4)
  3 wargs
  46 nagas
  Duvessa (D:4)
  16 water moccasins
  2 acid dragons (D:11)
  A hornet zombie (D:8)
  24 orc warriors
  A sky beast (D:7)
  3 black bears
  3 ice beasts
  A necrophage (D:8)
  17 wolves
  7 ogres
  16 centaurs
  A lemure (D:5)
  17 kobold brigands
  A phantom (D:6)
  Blork the orc (D:6)
  14 bullfrogs
  7 water moccasin zombies (Ossuary)
  Dowan (D:4)
  4 howler monkeys
  8 electric eels
  A lava snake (Snake:3)
  5 centaur zombies
  3 hounds
  Crazy Yiuf (D:4)
  13 orc priests
  2 centaur skeletons (D:5)
  A gnoll shaman (D:9)
  Ijyb (D:3)
  27 orc wizards
  An iguana (D:6)
  A scorpion zombie (D:5)
  6 hell rats (Lair:5)
  A killer bee zombie (D:7)
  2 mummies (Ossuary)
  5 howler monkey zombies
  10 gnolls
  12 adders
  A river rat (Sewer)
  3 shadow imps
  2 white imps
  2 ufetubi
  2 adder zombies (Ossuary)
  An adder skeleton (D:4)
  6 worms
  3 dart slugs
  73 orcs
  11 bats
  15 endoplasms
  5 giant cockroaches
  5 gnoll zombies (Ossuary)
  11 goblins
  6 hobgoblins
  3 jackals (D:5)
  A quokka (D:1)
  11 ball pythons
  5 frilled lizards
  7 hobgoblin zombies (Ossuary)
  36 kobolds
  9 kobold zombies (Ossuary)
  5 orc zombies (Ossuary)
  9 rats
  A bush (Lair:6)
981 creatures vanquished.

Vanquished Creatures (collateral kills)
  Vashnia (Snake:4)
  An orc warlord (Orc:2)
  A vault guard (Bailey)
  6 hydras
  A death knight (D:15)
  A naga sharpshooter (Snake:4)
  A deep troll shaman (Lair:6)
  An orc high priest (Orc:2)
  A naga ritualist (Snake:4)
  A manticore (D:14)
  A salamander (Snake:4)
  A troll (Orc:2)
  A dream sheep (Lair:6)
  2 yaks (Lair:3)
  2 nagas (Snake:4)
  5 orc warriors (Orc:2)
  A bullfrog (Lair:2)
  3 orc priests
  2 orc wizards (Orc:2)
  15 orcs
48 creatures vanquished.

Vanquished Creatures (others)
  A salamander tyrant (Snake:4)
  A naga warrior (Snake:4)
  A merfolk siren (Shoals:1)
  A blink frog (Lair:3)
  A human (D:14)
  An orc priest (Orc:2)
  An orc (Orc:2)
  A bush (D:8)
  36 fungi
  71 plants
115 creatures vanquished.

Grand Total: 1144 creatures vanquished

Notes
Turn   | Place    | Note
-------+----------+-------------------------------------------
     0 | D:1      | sking99 the Minotaur Berserker began the quest for the Orb.
     0 | D:1      | Reached XP level 1. HP: 19/19 MP: 0/0
   334 | D:1      | Reached XP level 2. HP: 27/27 MP: 1/1
   353 | D:1      | Reached skill level 4 in Axes
  1274 | D:2      | Reached XP level 3. HP: 33/33 MP: 2/2
  1475 | D:2      | Found a white marble altar of Elyvilon.
  1789 | D:2      | Reached ** piety under Trog
  2532 | D:3      | Reached XP level 4. HP: 40/40 MP: 3/3
  2559 | D:3      | Reached skill level 5 in Axes
  2582 | D:3      | Found a glowing drain.
  2746 | Sewer    | Entered a sewer
  3110 | Sewer    | Noticed a kobold brigand
  3110 | Sewer    | Noticed a kobold brigand
  3118 | Sewer    | Killed a kobold brigand
  3119 | Sewer    | Reached XP level 5. HP: 42/47 MP: 4/4
  3366 | Sewer    | Reached XP level 6. HP: 42/55 MP: 5/5
  3631 | Sewer    | Reached skill level 5 in Fighting
  3631 | Sewer    | Reached skill level 6 in Axes
  4240 | Sewer    | Reached *** piety under Trog
  4429 | D:3      | Found a faded altar of an unknown god.
  4508 | D:3      | Noticed Ijyb
  4517 | D:3      | Killed Ijyb
  4691 | D:3      | Found a shimmering blue altar of Sif Muna.
  4710 | D:3      | Reached XP level 7. HP: 53/61 MP: 6/6
  5224 | D:4      | Found a sand-covered staircase.
  5229 | Ossuary  | Entered an ossuary
  5274 | Ossuary  | Reached skill level 7 in Axes
  5385 | Ossuary  | Reached skill level 5 in Armour
  5539 | Ossuary  | Reached **** piety under Trog
  5588 | Ossuary  | Reached XP level 8. HP: 70/70 MP: 7/7
  5673 | D:4      | Reached skill level 8 in Axes
  5673 | D:4      | Noticed Dowan
  5674 | D:4      | Noticed Duvessa
  5691 | D:4      | Killed Duvessa
  5692 | D:4      | Reached skill level 5 in Dodging
  5694 | D:4      | Killed Dowan
  5704 | D:4      | Noticed Grinder
  6132 | D:4      | Found a staircase to the Ecumenical Temple.
  6305 | D:4      | Noticed Menkaure
  6318 | D:4      | Killed Menkaure
  6600 | D:4      | Found Erumerem's Armour Shoppe.
  6694 | D:4      | Found a runed translucent door.
  6695 | D:4      | Noticed Crazy Yiuf
  6928 | D:4      | Killed Crazy Yiuf
  7026 | D:5      | Entered Level 5 of the Dungeon
  7076 | D:5      | Identified the ring of Circularity {EV+4 Str+3}
  7161 | D:5      | Reached skill level 9 in Axes
  7172 | D:5      | Noticed Pikel
  7220 | D:5      | Killed Pikel
  7432 | D:5      | Found Houguubb's Book Shoppe.
  7790 | D:5      | Reached XP level 9. HP: 66/79 MP: 8/8
  8257 | D:6      | Noticed Eustachio
  8268 | D:6      | Killed Eustachio
  8269 | D:6      | Reached skill level 10 in Axes
  9286 | D:6      | Noticed Blork the orc
  9290 | D:6      | Found Padic's Fire Supplies.
  9297 | D:6      | Killed Blork the orc
  9315 | D:6      | Bought a +1 cloak of fire resistance for 181 gold pieces
  9406 | D:7      | Found a flagged portal.
  9442 | Bailey   | Entered a bailey
  9464 | Bailey   | Reached skill level 11 in Axes
  9737 | Bailey   | Reached XP level 10. HP: 88/90 MP: 9/9
  9754 | Bailey   | Noticed Prince Ribbit
  9754 | Bailey   | Noticed a vault guard
  9768 | Bailey   | Killed a vault guard
  9774 | Bailey   | Killed Prince Ribbit
  9775 | Bailey   | Reached skill level 12 in Axes
 10110 | Bailey   | Noticed a vault guard
 10127 | Bailey   | Killed a vault guard
 10800 | D:8      | Reached skill level 13 in Axes
 10937 | D:8      | Found a staircase to the Lair.
 11096 | D:8      | Reached XP level 11. HP: 88/99 MP: 10/10
 11250 | D:8      | Reached skill level 10 in Fighting
 11494 | D:8      | Found a runed translucent door.
 11504 | D:8      | Noticed madmanrnold's ghost (novice FoFi)
 11992 | D:9      | Found a shadowy altar of Dithmenos.
 12561 | D:9      | Reached ***** piety under Trog
 13050 | D:10     | Entered Level 10 of the Dungeon
 13139 | D:10     | Reached skill level 14 in Axes
 13139 | D:10     | Reached skill level 10 in Armour
 13596 | D:10     | Found Nemeth's Weapon Emporium.
 13596 | D:10     | Found a staircase to the Orcish Mines.
 13596 | D:10     | Found Gion Jyi's Armour Emporium.
 13739 | D:10     | Reached skill level 1 in Evocations
 14244 | Lair:1   | Entered Level 1 of the Lair of Beasts
 14749 | D:10     | Bought a +2 hat of willpower for 252 gold pieces
 14912 | Lair:1   | Received a gift from Trog
 15292 | Lair:1   | Reached skill level 15 in Axes
 15305 | Lair:1   | Reached XP level 12. HP: 93/110 MP: 11/11
 16701 | Lair:2   | Reached skill level 16 in Axes
 17054 | Lair:2   | Found a runed translucent gate.
 17055 | Lair:2   | Found a runed translucent gate.
 17055 | Lair:2   | Found a runed translucent gate.
 17057 | Lair:2   | Noticed kwass's ghost (journeyman DjIE)
 17057 | Lair:2   | Noticed NiggerDarts's ghost (journeyman HuFi)
 17058 | Lair:2   | Noticed sobakacece's ghost (journeyman DrTm)
 17058 | Lair:2   | Noticed theElss's ghost (journeyman GrBe)
 17436 | Lair:2   | Noticed a five-headed hydra
 17442 | Lair:2   | Killed a five-headed hydra
 17538 | Lair:3   | Found a transporter.
 17588 | Lair:3   | Reached skill level 5 in Evocations
 17753 | Lair:3   | Noticed a six-headed hydra
 17772 | Lair:3   | Killed an eight-headed hydra
 17910 | Lair:3   | Noticed Fannar
 17924 | Lair:3   | Killed Fannar
 17925 | Lair:3   | Reached XP level 13. HP: 119/119 MP: 12/12
 18008 | Lair:3   | Noticed Sonja
 18016 | Lair:3   | Killed Sonja
 18225 | Lair:3   | Noticed Nefuv's ghost (journeyman MiBe)
 18268 | Lair:3   | Found a transporter.
 19167 | Lair:4   | Found a staircase to the Snake Pit.
 19953 | Lair:4   | Found a staircase to the Shoals.
 20709 | Lair:5   | Found a basalt altar of Yredelemnul.
 21350 | Lair:6   | Entered Level 6 of the Lair of Beasts
 21350 | Lair:6   | Noticed NoScrollMutBadDesign's ghost (journeyman DDFi)
 21350 | Lair:6   | Noticed NiggerDarts's ghost (journeyman HuFi)
 21350 | Lair:6   | Found a runed translucent gate.
 21350 | Lair:6   | Found a runed translucent gate.
 21350 | Lair:6   | Found a runed translucent gate.
 21351 | Lair:6   | Noticed Zappman123's ghost (journeyman GnCA)
 22252 | Lair:6   | Reached skill level 10 in Dodging
 22684 | Lair:6   | Reached XP level 14. HP: 115/133 MP: 13/13
 23857 | Lair:6   | Reached skill level 15 in Fighting
 24895 | Lair:6   | Found a staircase to the Slime Pits.
 24910 | Lair:6   | Reached skill level 15 in Armour
 24916 | Lair:6   | HP: 3/202 [death yak (20)]
 25616 | Orc:1    | Entered Level 1 of the Orcish Mines
 25793 | Orc:1    | Noticed Jorgrun
 25799 | Orc:1    | Noticed Erica
 25810 | Orc:1    | Killed Jorgrun
 25820 | Orc:1    | Killed Erica
 26501 | Orc:2    | Entered Level 2 of the Orcish Mines
 26562 | Orc:2    | Found Jalaunid's Antique Armour Shoppe.
 26596 | Orc:2    | Found a staircase to the Elven Halls.
 27222 | Orc:2    | Killed an orc warlord
 27297 | Orc:2    | Found Budeck's Antique Armour Shop.
 27565 | Orc:2    | Found Konaer's Assorted Antiques.
 27687 | Orc:2    | Found Ylurr's Antique Weapon Boutique.
 28084 | Orc:2    | Found Ufiez's Antique Weapon Boutique.
 28089 | Orc:2    | Received a gift from Trog
 28435 | D:11     | Found a radiant altar of Vehumet.
 28516 | D:11     | Identified the amulet "Mogu Fif" {rF+ Regen+}
 28713 | D:11     | Reached XP level 15. HP: 106/143 MP: 4/14
 29033 | D:12     | Noticed Nessos
 29039 | D:12     | Killed Nessos
 29811 | D:12     | Noticed Maurice
 29821 | D:12     | Killed Maurice
 30852 | D:14     | Reached skill level 10 in Evocations
 30958 | D:14     | Reached skill level 17 in Axes
 30961 | D:14     | Noticed Kirke
 30970 | D:14     | Killed Kirke
 31043 | D:14     | Identified the +0 barding of Elyvilon's Castigation {-Tele
                  | Regen+ Dex+4 Stlth+}
 31286 | D:14     | Received a gift from Trog
 31433 | D:14     | Found a gate to the Vaults.
 31947 | D:15     | Entered Level 15 of the Dungeon
 32038 | D:15     | Reached skill level 18 in Axes
 32241 | D:15     | Found a staircase to the Depths.
 32525 | D:15     | Reached XP level 16. HP: 44/155 MP: 5/15
 32701 | D:15     | Noticed Agnes
 32706 | D:15     | Killed Agnes
 33471 | Snake:1  | Entered Level 1 of the Snake Pit
 33532 | Snake:1  | Reached skill level 19 in Axes
 33532 | Snake:1  | Reached XP level 17. HP: 162/162 MP: 16/16
 34289 | Snake:2  | Found Raddeh's Antique Armour Boutique.
 34349 | Snake:2  | Reached skill level 20 in Axes
 34597 | Snake:2  | Reached ****** piety under Trog
 34690 | Snake:2  | Found a runed translucent door.
 34690 | Snake:2  | Found a shimmering altar of Xom.
 34690 | Snake:2  | Noticed Olga's ghost (adept DECj)
 35666 | Snake:3  | Received a gift from Trog
 36565 | Snake:3  | Reached skill level 21 in Axes
 37340 | Snake:4  | Entered Level 4 of the Snake Pit
 37772 | Snake:4  | Reached XP level 18. HP: 154/174 MP: 17/17
 37911 | Snake:4  | Received a gift from Trog
 38674 | Snake:4  | Reached skill level 22 in Axes
 38684 | Snake:4  | Noticed Vashnia
 38696 | Snake:4  | HP: 6/176 [Vashnia/arrow (19)]
 38697 | Snake:4  | Killed Vashnia
 38886 | Snake:4  | Got a serpentine rune of Zot
 39117 | Shoals:1 | Entered Level 1 of the Shoals
 39356 | Shoals:1 | HP: 7/176 [snapping turtle (5)]
 39357 | Shoals:1 | Killed from afar by a water nymph

Illustrated notes

Levels and vault maps discovered:
D:1:      lightli_arrival_flooded_house, layout_loops_cross, bh_walls_and_bars
D:2:      layout_loops_corners, basic_altar, roderic_serpentine_path,
          minmay_3d_cube
D:3:      layout_basic, kennysheep_orc_sif_temple, portal_sewer_entry_d,
          chequers_ecumenical_altar_island, grunt_decor_fettered,
          lexackson_kobold_supper, uniq_ijyb
D:4:      layout_loops_ring, minmay_temple_entry_mini_moons, serial_shops, shop,
          nicolae_ossuary_entry_plus, serial_forest,
          infiniplex_forest_lined_room_2, infiniplex_forest_straight_2,
          infiniplex_forest_zigzag_1, infiniplex_forest_zigzag_1,
          infiniplex_forest_corner_1, infiniplex_forest_lined_ring,
          infiniplex_forest_fountain, infiniplex_forest_straight_1,
          infiniplex_forest_end_3, chequers_serial_rivers_marsh, uniq_menkaure,
          uniq_grinder, uniq_duvessa, uniq_crazy_yiuf_cottage
D:5:      layout_loops_corners, serial_shops, nicolae_shop_trees, uniq_pikel
D:6:      layout_basic, grunt_decor_arrowhead, nicolae_shop_fire_sale
          [nicolae_sub_dead_trees], wad_floor_pattern_untrapped,
          dk_noncrumbling_3, minmay_strange_pillars, uniq_blork_the_orc,
          uniq_eustachio
D:7:      layout_rooms, enter_bailey_5
D:8:      layout_basic, minmay_lair_entry_grove, special_room
          [special_room_kobold], ebering_ghost_reflecting_pool
D:9:      layout_stronghold, mainiacjoe_overflow_chevrons
D:10:     layout_long_grid, orc_david_3
D:11:     layout_rooms, minmay_misc_feat_cross, nicolae_vehumet_altar_sigil
D:12:     layout_basic, uniq_nessos, uniq_maurice
D:13:     layout_big_octagon
D:14:     layout_roguey, grunt_vaults_entry_fortified, hangedman_decor_riveting,
          minmay_protected_statue, uniq_kirke
D:15:     grunt_enter_depths_giant_problem, layout_basic,
          hangedman_abyss_or_decor_passed, uniq_agnes
Lair:1:   layout_long_grid
Lair:2:   layout_cave_pods, gammafunk_ghost_cemetery, st_stairs_10,
          minivault_23, guppyfry_lair_drakes, infiniplex_staircase_pool
Lair:3:   layout_chaotic_city, nzn_ghost_randoct, st_stairs_8,
          grunt_megastairs_2, uniq_sonja, uniq_fannar
Lair:4:   layout_regular_city, minmay_shoals_entry_hut, dummy_snake_entry
Lair:5:   layout_roguey, basic_altar
Lair:6:   grunt_lair_end_beastmaster, layout_hall_layers, slime_dummy,
          gammafunk_ghost_cemetery, minmay_stone_trees_large, pond
Shoals:1: layout_shoals, portal_ice_cave_entry_pillars_2,
          nicolae_shoals_cliffside_cave, nicolae_shoals_water_shrine
Snake:1:  layout_misc_corridors
Snake:2:  layout_basic, ebering_ghost_xom, serial_shops, shop,
          hangedman_snake_thin_pillar_pass
Snake:3:  layout_layer_cave, nicolae_snake_salamander_zone
Snake:4:  johnstein_snake_rune_scales, layout_chambers, serial_bayou_pond_d,
          serial_bayou_pond_e
Orc:1:    layout_diamond_mine, abandoned_shop, uniq_erica, uniq_jorgrun
Orc:2:    grunt_orc_community_town_hall, layout_diamond_mine,
          grunt_orc_community_big_house_1, grunt_orc_community_big_house_2,
          grunt_orc_community_house_2, grunt_orc_community_house_3,
          grunt_orc_community_house_2, grunt_orc_community_house_2,
          grunt_orc_community_house_2, grunt_orc_community_house_1,
          serial_shops, nicolae_shop_window_shopping

Skill      XL: |  1  2  3  4  5  6  7  8  9 10 11 12 13 14 15 16 17 18 |
---------------+-------------------------------------------------------+-----
Axes           | 4 5 6 7 9 11 13 15 16 18 19 21 22 | 22.4
Fighting       | 4 5 6 7 8 9 11 12 14 15 17 18 19 | 19.4
Armour         | 3 4 5 6 8 9 10 12 14 15 16 17 18 19 | 19.2
Dodging        | 3 4 6 7 8 9 10 11 | 11.8
Evocations     | 2 5 8 9 10 | 10.0

Action                   |  1- 3 |  4- 6 |  7- 9 | 10-12 | 13-15 | 16-18 || total
-------------------------+-------+-------+-------+-------+-------+-------++-------
Melee: Hand axe          |    89 |   136 |   402 |       |       |       ||   627
       Headbutt          |    14 |    18 |    83 |   134 |   250 |   147 ||   646
       Punch             |       |     1 |     6 |     5 |     9 |       ||    21
       War axe           |       |       |    12 |    19 |       |       ||    31
       Broad axe         |       |       |       |   556 |   618 |       ||  1174
       Executioner's axe |       |       |       |       |   347 |   616 ||   963
Invok: Berserk           |     1 |     6 |     6 |     2 |     4 |       ||    19
       Trog's Hand       |       |       |       |     3 |     8 |     6 ||    17
       Brothers in Arms  |       |       |       |     4 |     8 |     3 ||    15
Evoke: Wand              |       |       |       |       |     3 |     6 ||     9
       Condenser vane    |       |       |       |       |       |     3 ||     3
  Use: Scroll            |     3 |       |     4 |     1 |    13 |    11 ||    32
       Potion            |       |       |       |       |     3 |     4 ||     7
 Stab: Sleeping          |     1 |       |       |       |       |       ||     1
       Paralysed         |       |       |       |       |     5 |       ||     5
       Distracted        |       |       |       |       |     1 |       ||     1
Armor: Animal skin       |    18 |    14 |       |       |       |       ||    32
       Chain mail        |       |    10 |   180 |   224 |   368 |       ||   782
       Plate armour      |       |       |       |       |    81 |   341 ||   422
Dodge: Dodged            |    62 |    78 |   173 |   397 |   844 |   633 ||  2187
